 Dungeon Crawl Stone Soup version 0.22.1 (webtiles) character file.

533 MalarOregon the Skirmisher (level 7, 0/61 HPs)
             Began as a Hill Orc Fighter on Sept 17, 2018.
             Was an Initiate of Beogh.
             Slain by a killer bee (2 damage)
             ... on level 3 of the Dungeon.
             The game lasted 00:07:53 (3252 turns).

MalarOregon the Skirmisher (Hill Orc Fighter)       Turns: 3252, Time: 00:07:53

Health: 0/61       AC: 13    Str: 16 (19) XL:     7   Next: 24%
Magic:  7/8        EV:  9    Int: 13 (15) God:    Beogh [......]
Gold:   117        SH:  9    Dex:  7 (10) Spells: 6/6 levels left

rFire    + . .     SeeInvis .   a - +1 war axe
rCold    . . .     Gourm    .   c - +0 shield
rNeg     . . .     Faith    .   w - +3 ring mail {rF+}
rPois    .         Spirit   .   (no helmet)
rElec    .         Reflect  .   b - +0 cloak
rCorr    .         Harm     .   (no gloves)
MR       .....                  l - +2 pair of boots
Stlth    ..........             (no amulet)
HPRegen  0.20/turn              (no ring)
MPRegen  0.11/turn              (no ring)

@: brilliant, lethally poisoned (0 -> -3)
A: no striking features
a: Renounce Religion


You were on level 3 of the Dungeon.
You worshipped Beogh.
Beogh was noncommittal.
You were not hungry.

You visited 1 branch of the dungeon, and saw 4 of its levels.
You also visited: Sewer.

You collected 117 gold pieces.

Inventory:

Hand Weapons
 a - a +1 war axe (weapon)
Missiles
 r - 2 throwing nets (quivered) {!f}
Armour
 b - a +0 cloak (worn)
   (You found it on level 4 of the Dungeon)
 c - a +0 shield (worn)
 l - a +2 pair of boots (worn)
   (You found it on level 1 of the Dungeon)
 w - a +3 ring mail of fire resistance (worn)
   (You took it off Duvessa on level 3 of the Dungeon)
 y - a +1 ring mail of magic resistance
   (You took it off an orc on level 4 of the Dungeon)
Scrolls
 g - a scroll of magic mapping {unknown}
 j - 2 scrolls of identify {@r1}
 o - 3 scrolls of teleportation {@r4}
 t - 2 scrolls of fog {unknown}
 u - 2 scrolls of fear {unknown}
 v - a scroll of amnesia {unknown}
 x - a scroll of remove curse {@r2}
Potions
 d - 2 potions of might
 f - a potion of brilliance
 h - a potion of agility
 i - a potion of mutation {unknown}
 k - a potion of resistance
 m - 2 potions of flight
 p - a potion of lignification {!q}
Comestibles
 e - 10 rations {!d}
 z - 3 chunks of flesh


   Skills:
 + Level 5.3 Fighting
 + Level 5.0 Axes
 + Level 4.8 Armour
 + Level 2.3 Dodging
 + Level 4.9 Shields
 + Level 1.4 Invocations


You had 6 spell levels left.
You didn't know any spells.
Your spell library was empty.

Dungeon Overview and Level Annotations

Branches:
Dungeon (4/15)             Temple (0/1) D:4

Altars:
Uskayaw


Message History

The killer bee stings you but does no damage.
The killer bee closely misses you. The killer bee barely misses you. x2
The killer bee stings you.
* * * LOW HITPOINT WARNING * * *
The killer bee stings you.
* * * LOW HITPOINT WARNING * * *
The killer bee stings you but does no damage.
You block the killer bee's attack. The killer bee closely misses you.
Unknown command.
You feel sick. The killer bee barely misses you.
There is a stone staircase leading up here.
You block the killer bee's attack. x2
The killer bee stings you but does no damage.
The killer bee closely misses you.
You climb upwards.
There is a stone staircase leading down here.
You closely miss the killer bee. You miss the killer bee.
You feel sick. You block the killer bee's attack.
The killer bee barely misses you.
The killer bee stings you but does no damage.
The killer bee stings you.
* * * LOW HITPOINT WARNING * * *
Unknown command.
You slash the killer bee!
You kill the killer bee!
Beogh accepts your kill.
Your Axes skill increases to level 5!
You miss the killer bee. The killer bee completely misses you.
The killer bee stings you but does no damage.
The killer bee barely misses you.
Unknown command.
You hit the killer bee. The killer bee misses you. The killer bee stings you.
* * * LOW HITPOINT WARNING * * *
Unknown command.
You closely miss the killer bee.
You feel sick. The killer bee stings you!
* * * LOW HITPOINT WARNING * * *
You are lethally poisoned!
The killer bee poisons you! You block the killer bee's attack.
The killer bee stings you but does no damage.
It was a potion of brilliance.
You feel clever all of a sudden. You block the killer bee's attack.
The killer bee stings you but does no damage.
It was a potion of degeneration.
There was something very wrong with that liquid.
You feel weakened.
You feel dopey.
You feel clumsy.
* * * LOW HITPOINT WARNING * * *
You feel sick.
The killer bee stings you but does no damage.
The killer bee stings you.
You die...

# ### ######### ##### ..#
#####.<.....# ######...## #.#
#........##.###...#.....# #.#
#.#...##.#...##.........# #.#
#>............#...#.....# #.#
#.....###..............## #.#
#.....# #y............##
#.######.#...###@#...........#
.......#.##......#.###...###.#
##.###.#.<.........###...# #.#
#.# #.###.#.####...##...# #.#
#.###.##.###.##.....##### #.##
#.##....## ##........## ##..#
##(##.....###..........####...##
...........#...........'.......#
#####.#...#.##.........####...##


You could see a killer bee.

Vanquished Creatures
  Duvessa (D:3)
  A big kobold (Sewer)
  Dowan (D:4)
  A killer bee (D:3)
  An orc wizard (D:3)
  2 gnolls (D:2)
  5 adders
  A river rat (D:3)
  3 oozes (Sewer)
  8 worms
  2 dart slugs
  3 leopard geckos
  14 orcs
  7 bats
  3 giant cockroaches
  8 goblins
  8 hobgoblins
  10 jackals
  4 quokkas (D:2)
  4 ball pythons
  4 frilled lizards
  12 kobolds
  15 rats
  3 plants (D:2)
121 creatures vanquished.

Vanquished Creatures (others)
  An orc (D:3)
  A jackal (D:3)
  2 plants (D:2)
4 creatures vanquished.

Grand Total: 125 creatures vanquished

Notes
Turn   | Place    | Note
-------+----------+-------------------------------------------
     0 | D:1      | MalarOregon the Hill Orc Fighter began the quest for the
                  | Orb.
     0 | D:1      | Reached XP level 1. HP: 19/19 MP: 1/1
   167 | D:1      | Reached XP level 2. HP: 26/27 MP: 2/2
   377 | D:1      | Reached XP level 3. HP: 33/33 MP: 3/3
   957 | D:2      | Reached skill level 1 in Dodging
   961 | D:2      | Reached XP level 4. HP: 38/40 MP: 4/4
  1020 | D:2      | Found a hide-covered altar of Uskayaw.
  1409 | D:2      | You fall through a shaft for 2 floors!
  1509 | D:4      | Found a staircase to the Ecumenical Temple.
  1578 | D:4      | Noticed Dowan
  1618 | D:4      | Killed Dowan
  1618 | D:4      | Reached XP level 5. HP: 41/47 MP: 5/5
  1744 | D:3      | Found a glowing drain.
  1776 | Sewer    | Entered a sewer
  1971 | Sewer    | Reached XP level 6. HP: 46/53 MP: 6/6
  2290 | D:3      | Reached skill level 5 in Fighting
  2661 | D:3      | Became a worshipper of Beogh the Brigand
  2942 | D:4      | Noticed Duvessa
  3077 | D:3      | Killed Duvessa
  3077 | D:3      | Reached skill level 1 in Invocations
  3077 | D:3      | Reached XP level 7. HP: 41/61 MP: 7/7
  3236 | D:4      | HP: 4/91 [killer bee (3)]
  3248 | D:3      | Reached skill level 5 in Axes
  3250 | D:3      | HP: 3/61 [killer bee (7)]
  3252 | D:3      | Slain by a killer bee

Skill      XL: |  1  2  3  4  5  6  7 |
---------------+----------------------+-----
Axes           | 3 4 5 |  5.0
Fighting       | 4 5 |  5.3
Dodging        | 1 2 |  2.3
Shields        | 4 |  4.9
Armour         | 4 |  4.8
Invocations    | 1 |  1.4

Action                   |  1- 3 |  4- 6 |  7- 9 || total
-------------------------+-------+-------+-------++-------
Melee: War axe           |   141 |   319 |    19 ||   479
Invok: Convert to Beogh  |       |     1 |       ||     1
  Use: Scroll            |     5 |     2 |       ||     7
       Potion            |       |     1 |     6 ||     7
  Eat: Chunk             |       |     8 |     1 ||     9
Armor: Scale mail        |    61 |   117 |       ||   178
       Skin              |       |       |    57 ||    57
       Ring mail         |       |       |    28 ||    28
Dodge: Dodged            |    55 |    82 |    29 ||   166
Block: Shield            |    77 |   148 |    49 ||   274
